 Dungeon Crawl Stone Soup version 0.24.0-123-gd5b16e6ec5 (webtiles) character file.

Game seed: 17426855266488538271, levelgen mode: deterministic

18046 Curus the Spear-Bearer (level 12, -3/100 HPs)
             Began as a Merfolk Gladiator on Jan 15, 2020.
             Was an Elder of Yredelemnul.
             Slain by a death scarab (23 damage)
             ... in a Gauntlet.
             The game lasted 01:08:19 (14226 turns).

Curus the Spear-Bearer (Merfolk Gladiator)         Turns: 14226, Time: 01:08:20

Health: -3/100     AC:  9    Str: 20    XL:     12   Next: 54%
Magic:  18/18      EV: 23    Int: 10    God:    Yredelemnul [****..]
Gold:   538        SH:  8    Dex: 21    Spells: 11/11 levels left

rFire    . . .     SeeInvis .   a - +4 trident (freeze)
rCold    . . .     Gourm    .   e - +2 buckler
rNeg     . . .     Faith    .   z - +0 troll leather armour
rPois    +         Spirit   .   c - +0 helmet
rElec    .         Reflect  .   h - +2 cloak {rPois}
rCorr    +         Harm     .   j - +0 pair of gloves
MR       .....     NoTele   +   (no boots)
Stlth    +.........             (no amulet)
HPRegen  0.66/turn              w - ring of Dekiuvub {Str+4 Int+3 Stlth-}
MPRegen  0.16/turn              E - ring of resist corrosion

@: slowed, lightly drained, very slow
A: change form in water, swift swim, stealthy swim, claws 1, agile 1
a: Recall Undead Slaves, Injury Mirror, Animate Dead, Drain Life, Renounce
Religion


You were in a Gauntlet.
You worshipped Yredelemnul.
Yredelemnul was greatly pleased with you.
You were not hungry.

You visited 3 branches of the dungeon, and saw 15 of its levels.
You also visited: Bailey and Gauntlet.

You collected 741 gold pieces.
You spent 203 gold pieces at shops.

Inventory:

Hand Weapons
 a - a +4 trident of freezing (weapon)
Missiles
 d - 3 throwing nets (quivered)
Armour
 b - a +0 leather armour
 c - a +0 helmet (worn)
 e - a +2 buckler (worn)
 h - a +2 cloak of poison resistance (worn)
 j - a +0 pair of gloves (worn)
 r - a +0 leather armour
 s - a +2 leather armour of fire resistance
 z - a +0 troll leather armour (worn)
Jewellery
 q - an uncursed ring of ice
 w - the ring of Dekiuvub (left hand) {Str+4 Int+3 Stlth-}
   (You took it off an orc priest on level 9 of the Dungeon)

   [ring of attention]

   It affects your strength (+4).
   It affects your intelligence (+3).
   It makes you less stealthy.
 E - a ring of resist corrosion (right hand)
 F - an uncursed ring of ice
Wands
 n - a wand of flame (47)
 o - a wand of random effects (46)
 p - a wand of polymorph (12)
 u - a wand of iceblast (12)
 A - a wand of paralysis (15)
 D - a wand of disintegration (13)
Scrolls
 i - a scroll of fog
 k - 3 scrolls of amnesia
 l - 3 scrolls of fear
 m - 14 scrolls of identify
 t - 4 scrolls of remove curse
 v - 3 scrolls of magic mapping
 y - 3 scrolls of teleportation
 C - a scroll of enchant weapon
Potions
 g - 8 potions of curing
 x - 2 potions of flight
 B - 2 potions of brilliance
 G - a potion of might
Comestibles
 f - 18 rations
 I - 3 chunks of flesh


   Skills:
 - Level 11.5(11.0) Fighting
 - Level 14.1(13.7) Polearms
 - Level 2.0(1.6) Throwing
 - Level 13.6(13.2) Dodging
 - Level 4.1(3.7) Shields
 * Level 8.4(8.0) Invocations
 + Level 4.3(3.9) Evocations


You had 11 spell levels left.
You didn't know any spells.
Your spell library contained the following spells:

 Spells                   Type           Power        Failure   Level  Hunger
 Magic Dart               Conj           #...         43%         1    ##.....
 Sandblast                Erth           #.....       43%         1    ##.....
 Passwall                 Tmut/Erth      #.......     56%         2    ###....
 Searing Ray              Conj           #.....       56%         2    ###....
 Dazzling Spray           Conj/Hex       #.....       80%         3    ####...
 Stone Arrow              Conj/Erth      #.....       80%         3    ####...
 Force Lance              Conj/Tloc      #.......     99%         4    #####..
 Fulminant Prism          Conj/Hex       #.........   99%         4    #####..
 Iskenderun's Mystic Bla  Conj           #.......     99%         4    #####..
 Petrify                  Tmut/Erth      #.......     99%         4    #####..
 Lee's Rapid Deconstruct  Erth           #.........   100%        5    ######.


Dungeon Overview and Level Annotations

Branches:
Dungeon (11/15)            Temple (1/1) D:5            Lair (3/6) D:11
 Shoals (0/4) Lair:2          Orc (0/2) D:9          Bailey (visited)
Gauntlet (1/1)
  Snake: Lair:2-4    Spider: Lair:2-4

Altars:
Ashenzari
Cheibriados
Elyvilon
Fedhas
Gozag
Hepliaklqana
Kikubaaqudgha
Makhleb
Nemelex Xobeh
Okawaru
Qazlal
Ru
Sif Muna
Trog
Uskayaw
Vehumet
Xom
Yredelemnul
Zin

Shops:
D:8 [

Annotations:
Gauntlet 13 transporters, 21 runed translucent doors


Innate Abilities, Weirdness & Mutations

You revert to your normal form in water.
You are very nimble and swift while swimming.
You are very stealthy in the water. (Stealth+)
You have sharp fingernails.
You are agile. (Dex +2)


Message History

The spectral five-headed hydra closely misses you.
The spectral five-headed hydra barely misses you.
You block the spectral five-headed hydra's attack.
The spectral five-headed hydra bites you.
* * * LOW HITPOINT WARNING * * *
The spectral five-headed hydra closely misses you.
The spectral five-headed hydra bites you but does no damage.
The spectral five-headed hydra bites you.
* * * LOW HITPOINT WARNING * * *
The spectral five-headed hydra bites you but does no damage. x2
The death scarab misses you.
You block the spectral five-headed hydra's attack. x2
The spectral five-headed hydra bites you but does no damage.
The spectral five-headed hydra bites you.
* * * LOW HITPOINT WARNING * * *
The spectral five-headed hydra closely misses you.
The death scarab completely misses you.
You feel much better. The death scarab bites you!!
You die...
Your body rises from the dead as a mindless zombie.

###.##.##.# #≈......... ## ###
### ### ### ####8..©.©.©.© 8# #8#
#8# #8# #8# #8##≈.........
#################################
..............................≈∩≈
..............................§..
#######.###########.###########.#
.©($..#.#..$=©!.@s#.#..?[©.$..#.#
#.##.##.#..#...#Zs#.#..##.##..#.#
#.##.##.#.#######Z#.#^#.^#..#.#.#
..#...#.##..#.#..##.#.#..#..#.#.#
##.##.#.#....©..Z.#.#4^#####^.#.#
##.##.#.##..#.#..##.#.#.©#..#.#.#
......#.#.##...##.#.#.#.^#^.#.#.#
.##.###.#..#...#..#.#..##.##..#.#
.##.###.#...#.#...#.#.........#.#


You could see an ice devil, a spectral five-headed hydra, a spectral four-headed
hydra and 2 death scarabs.

Vanquished Creatures
  A death ooze (Gauntlet)
  Fannar (Lair:2)
  A hydra (Lair:2)
  Nergalle (Lair:2)
  An orc knight (Bailey)
  A merfolk siren (Lair:2)
  2 elephants (Lair:3)
  2 spiny frogs (Lair:2)
  An ice statue (Gauntlet)
  2 rime drakes (Gauntlet)
  A komodo dragon (Lair:1)
  A hornet (D:9)
  2 trolls (D:10)
  3 hippogriffs
  Sigmund (D:5)
  3 flying skulls (Lair:1)
  A wraith (D:11)
  2 yaks
  Eustachio (D:4)
  A spriggan (D:7)
  Grum (D:8)
  Menkaure (D:5)
  A warg (D:9)
  A spectral spiny frog (Gauntlet)
  3 water moccasins
  Edmund (D:5)
  4 porcupines
  12 orc warriors
  5 sky beasts
  3 ice beasts
  6 ogres
  A phantom (D:9)
  2 wolves (D:9)
  3 centaurs
  A crocodile (Lair:1)
  9 big kobolds
  12 bullfrogs
  A gnoll sergeant (D:8)
  2 wyvern skeletons
  5 scorpions
  6 killer bees (D:8)
  2 crimson imps (D:6)
  2 centaur zombies
  A quasit (D:8)
  3 hounds
  3 jellies
  2 bullfrog skeletons (D:6)
  3 orc priests
  5 iguanas
  5 orc wizards
  7 worker ants
  A mummy (Lair:1)
  12 adders
  4 gnolls
  3 shadow imps
  4 oozes
  2 adder zombies
  2 adder skeletons
  4 worms
  7 leopard geckos
  44 orcs
  8 giant cockroaches
  10 goblins
  14 hobgoblins
  13 jackals
  63 kobolds
  7 quokkas
  A ball python (D:2)
  10 bats
  8 frilled lizards
  11 rats
  3 plants
373 creatures vanquished.

Vanquished Creatures (collateral kills)
  A two-headed ogre (D:11)
  An elephant (Lair:3)
  A centaur zombie (D:10)
  2 komodo dragons
  A hippogriff (Lair:2)
  Prince Ribbit (D:9)
  2 yaks (Lair:1)
  A water moccasin (Lair:1)
  4 porcupines
  2 black bears
  3 orc warriors
  A sky beast (D:11)
  A centaur (D:11)
  A crocodile (Lair:1)
  3 bullfrogs
  2 scorpions
  A bullfrog zombie (D:10)
  2 orc priests
  5 orc wizards
  A bullfrog skeleton (D:8)
  A worker ant (D:9)
  A hound skeleton (D:9)
  2 gnolls (D:8)
  9 orcs
  A quokka (D:10)
  A jackal skeleton (D:7)
  11 fungi
  3 plants
65 creatures vanquished.

Vanquished Creatures (others)
  A wraith (Bailey)
  A human (D:8)
  A hippogriff skeleton (D:8)
  A wight (Bailey)
  A killer bee zombie (D:8)
  7 orc zombies
  2 orc skeletons
  A kobold zombie (D:7)
  A quokka zombie (D:9)
  2 fungi (D:11)
  4 plants (D:11)
22 creatures vanquished.

Grand Total: 460 creatures vanquished

Notes
Turn   | Place    | Note
-------+----------+-------------------------------------------
     0 | D:1      | Curus the Merfolk Gladiator began the quest for the Orb.
     0 | D:1      | Reached XP level 1. HP: 16/16 MP: 1/1
   119 | D:1      | Reached skill level 5 in Polearms
   297 | D:1      | Reached XP level 2. HP: 20/22 MP: 2/2
   873 | D:2      | Reached skill level 6 in Polearms
   873 | D:2      | Reached XP level 3. HP: 13/27 MP: 3/3
  1254 | D:2      | Reached skill level 7 in Polearms
  1254 | D:2      | Reached XP level 4. HP: 30/33 MP: 4/4
  1862 | D:2      | Reached skill level 8 in Polearms
  1862 | D:2      | Reached XP level 5. HP: 33/38 MP: 5/5
  2091 | D:3      | Found a hazy altar of Hepliaklqana.
  2676 | D:4      | Noticed Eustachio
  2709 | D:4      | Killed Eustachio
  2709 | D:4      | Reached skill level 10 in Polearms
  2709 | D:4      | Reached XP level 6. HP: 30/44 MP: 6/6
  3003 | D:4      | Reached skill level 11 in Polearms
  3003 | D:4      | Reached XP level 7. HP: 33/50 MP: 7/7
  4150 | D:4      | Reached skill level 12 in Polearms
  4524 | D:4      | Reached XP level 8. HP: 45/56 MP: 8/8
  4543 | D:4      | Reached skill level 13 in Polearms
  4854 | D:5      | Entered Level 5 of the Dungeon
  4908 | D:5      | Noticed Sigmund
  4931 | D:5      | Killed Sigmund
  4931 | D:5      | Reached skill level 14 in Polearms
  5233 | D:5      | Found a staircase to the Ecumenical Temple.
  5446 | Temple   | Entered the Ecumenical Temple
  5454 | Temple   | Became a worshipper of Yredelemnul the Dark
  5642 | D:5      | Found an opulent altar of Gozag.
  5642 | D:5      | Noticed Menkaure
  5649 | D:5      | Killed Menkaure
  5649 | D:5      | Reached skill level 5 in Dodging
  5924 | D:5      | Found a stormy altar of Qazlal.
  5924 | D:5      | Found a shimmering altar of Xom.
  5924 | D:5      | Found an iron altar of Okawaru.
  5925 | D:5      | Found a shimmering blue altar of Sif Muna.
  5927 | D:5      | Found a sacrificial altar of Ru.
  6075 | D:5      | Noticed Edmund
  6083 | D:5      | Killed Edmund
  6083 | D:5      | Reached XP level 9. HP: 66/66 MP: 9/9
  6456 | D:6      | Reached skill level 5 in Fighting
  6717 | D:6      | Found a bloodstained altar of Trog.
  7010 | D:6      | Reached * piety under Yredelemnul
  7172 | D:6      | Found a snail-covered altar of Cheibriados.
  7325 | D:7      | Found a sparkling altar of Nemelex Xobeh.
  7673 | D:7      | Reached XP level 10. HP: 47/80 MP: 10/10
  7757 | D:8      | Found an ancient bone altar of Kikubaaqudgha.
  7800 | D:8      | Reached ** piety under Yredelemnul
  7800 | D:8      | Reached skill level 10 in Dodging
  8704 | D:8      | Found Ikuficreqi's Armour Shop.
  8709 | D:8      | Bought a +2 cloak of poison resistance for 203 gold pieces
  9352 | D:9      | Noticed Grum
  9381 | D:8      | Killed Grum
  9922 | D:9      | Reached *** piety under Yredelemnul
  9962 | D:9      | Found a staircase to the Orcish Mines.
 10067 | D:9      | Received a gift from Yredelemnul (3 flying skulls)
 10175 | D:9      | Identified the ring of Dekiuvub {Str+4 Int+3 Stlth-}
 10234 | D:9      | Gained mutation: You have sharp fingernails. [potion of
                  | mutation]
 10234 | D:9      | Gained mutation: You are agile. (Dex +2) [potion of
                  | mutation]
 10301 | D:9      | Found a blossoming altar of Fedhas.
 10431 | D:9      | Reached skill level 10 in Fighting
 10441 | D:9      | Found a white marble altar of Elyvilon.
 10501 | D:9      | Noticed Prince Ribbit
 10509 | D:9      | Killed Prince Ribbit
 10743 | D:10     | Entered Level 10 of the Dungeon
 10767 | D:10     | Reached XP level 11. HP: 89/92 MP: 9/11
 10877 | D:10     | Found a flagged portal.
 10892 | Bailey   | Entered a bailey
 10958 | Bailey   | Received a gift from Yredelemnul (a wight)
 11154 | Bailey   | Reached **** piety under Yredelemnul
 11168 | Bailey   | Received a gift from Yredelemnul (a wraith)
 11193 | Bailey   | Found a roughly hewn altar of Beogh.
 11194 | Bailey   | Noticed an orc knight
 11222 | Bailey   | Killed an orc knight
 11964 | D:11     | Noticed a two-headed ogre
 11969 | D:11     | Found a staircase to the Lair.
 11986 | D:11     | Killed a two-headed ogre
 11991 | D:11     | Received a gift from Yredelemnul (a mummy)
 12050 | Lair:1   | Entered Level 1 of the Lair of Beasts
 12066 | Lair:1   | You fall into a shaft and drop 1 floor!
 12083 | Lair:2   | Reached skill level 1 in Invocations
 12097 | Lair:2   | Reached skill level 1 in Shields
 12162 | Lair:2   | Received a gift from Yredelemnul (a vampire)
 12837 | Lair:2   | Noticed Fannar
 12870 | Lair:2   | Killed Fannar
 12941 | Lair:2   | Reached XP level 12. HP: 100/100 MP: 15/15
 13042 | Lair:2   | Reached skill level 1 in Evocations
 13070 | Lair:2   | Reached skill level 5 in Invocations
 13114 | Lair:2   | Noticed Nergalle
 13132 | Lair:2   | Killed Nergalle
 13187 | Lair:2   | Noticed a five-headed hydra
 13197 | Lair:2   | Killed a five-headed hydra
 13277 | Lair:2   | Found a staircase to the Shoals.
 13503 | Lair:3   | Found a gate leading to a gauntlet.
 13591 | Gauntlet | Entered a Gauntlet
 13591 | Gauntlet | Found a transporter.
 13592 | Gauntlet | Found a large runed translucent door.
 13593 | Gauntlet | Found a large runed translucent door.
 13594 | Gauntlet | Found a large runed translucent door.
 13594 | Gauntlet | Found a large runed translucent door.
 13594 | Gauntlet | Found a runed translucent door.
 13595 | Gauntlet | Found a large runed translucent door.
 13596 | Gauntlet | Found a large runed translucent door.
 13597 | Gauntlet | Found a large runed translucent door.
 13597 | Gauntlet | Found a large runed translucent door.
 13598 | Gauntlet | Found a runed translucent gate.
 13598 | Gauntlet | Found a runed translucent gate.
 13600 | Gauntlet | Found a transporter.
 13608 | Gauntlet | Found a runed translucent gate.
 13608 | Gauntlet | Found a runed translucent door.
 13609 | Gauntlet | Found a large runed translucent door.
 13609 | Gauntlet | Found a large runed translucent door.
 13610 | Gauntlet | Found a large runed translucent door.
 13611 | Gauntlet | Found a large runed translucent door.
 13615 | Gauntlet | Found a transporter.
 13620 | Gauntlet | Found a transporter.
 13635 | Gauntlet | Found a transporter.
 13654 | Gauntlet | Found a transporter.
 13664 | Gauntlet | Noticed a dire elephant
 13666 | Gauntlet | Found a transporter.
 13678 | Gauntlet | Found a transporter.
 13678 | Gauntlet | Noticed a blizzard demon
 13684 | Gauntlet | Found a transporter.
 13684 | Gauntlet | Found a transporter.
 13695 | Gauntlet | Noticed a death scarab
 13696 | Gauntlet | Noticed a death scarab
 13699 | Gauntlet | Found a transporter.
 13711 | Gauntlet | Found a transporter.
 13711 | Gauntlet | Noticed a great orb of eyes
 13732 | Gauntlet | Found a transporter.
 13745 | Gauntlet | Found a transporter.
 13747 | Gauntlet | Found a transporter.
 13772 | Gauntlet | Noticed a death ooze
 13773 | Gauntlet | Found a transporter.
 13775 | Gauntlet | Found a transporter.
 13791 | Gauntlet | Found a large runed translucent door.
 13791 | Gauntlet | Found a large runed translucent door.
 13792 | Gauntlet | Found a large runed translucent door.
 13793 | Gauntlet | Found a large runed translucent door.
 13795 | Gauntlet | Found a transporter.
 14019 | Gauntlet | Killed a death ooze
 14224 | Gauntlet | HP: 5/100 [spectral five-headed hydra (5)]
 14225 | Gauntlet | HP: 1/100 [spectral five-headed hydra (3)]
 14226 | Gauntlet | Slain by a death scarab

Levels and vault maps discovered:
D:1:      dpeg_arrival_signposts, layout_basic
D:2:      minmay_thinvault, layout_basic
D:3:      layout_loops_ring, lemuel_doored_altar, serial_forest,
          infiniplex_forest_end_1, infiniplex_forest_straight_4,
          infiniplex_forest_clump_small, infiniplex_forest_lined_4_way,
          infiniplex_forest_clump_diagonal, infiniplex_forest_straight_1,
          infiniplex_forest_straight_1, infiniplex_forest_clump_long,
          infiniplex_forest_lined_1, infiniplex_forest_lined_room_2
D:4:      minmay_goblin_kobold_castle, layout_basic, first_ration,
          uniq_eustachio
D:5:      layout_basic, minitemple, kennysheep_mini,
          minmay_temple_entry_sparse_star, serial_bayou_lake_a, uniq_edmund,
          uniq_menkaure, uniq_sigmund
D:6:      layout_loops_ring, kennysheep_mini_moat,
          nicolae_overflow_hidden_temple, minmay_checkerbox
D:7:      layout_gridville, nemelex_xobeh_ov_fountains_minmay, the_bakery
D:8:      layout_basic, serial_shops, nicolae_shop_statue_plus,
          grunt_decor_fettered, tgw_kikubaaqudgha
D:9:      layout_long_grid, elyvilon_altar_1, lemuel_crystal_altar, erik_orc_4,
          uniq_grum, uniq_prince_ribbit1
D:10:     layout_roguey, enter_bailey_3, columned_hall_lemuel
D:11:     layout_long_grid, due_lair_maze_entry_diamond, lightli_corner_chamber
Temple:   eino_temple_lava
Lair:1:   layout_chaotic_city
Lair:2:   layout_chaotic_city, elwin_shoals_entry_rooms,
          grunt_forest_stairs_basic, uniq_fannar, uniq_nergalle
Lair:3:   layout_gridlike, gauntlet_entry_generic, ldierk_geyser, uniq_urug
Gauntlet: gammafunk_gauntlet_one_two_three [nicolae_gauntlet_arena_flowing_pool,
          minmay_gauntlet_arena_make_your_own_arena,
          nicolae_gauntlet_arena_blocks, gammafunk_gauntlet_arena_open,
          nicolae_gauntlet_arena_t_cross, nicolae_gauntlet_swirl,
          nicolae_gauntlet_arena_quarters, gammafunk_gauntlet_arena_chambers,
          gammafunk_gauntlet_arena_crates, gauntlet_exit_green]

Skill      XL: |  1  2  3  4  5  6  7  8  9 10 11 12 |
---------------+-------------------------------------+-----
Polearms       | 5 6 7 8 10 11 12 14 | 14.1
Fighting       | 4 7 10 11 | 11.5
Dodging        | 6 9 12 13 | 13.6
Invocations    | 4 8 |  8.4
Shields        | 4 |  4.1
Evocations     | 4 |  4.3
Throwing       | |  2.0

Action                   |  1- 3 |  4- 6 |  7- 9 | 10-12 || total
-------------------------+-------+-------+-------+-------++-------
Melee: Trident           |   104 |   247 |   592 |   825 ||  1768
       Tailslap          |       |       |     6 |     3 ||     9
Invok: Animate Remains   |       |       |     4 |     7 ||    11
       Animate Dead      |       |       |       |    37 ||    37
       Recall Undead Sla |       |       |       |     1 ||     1
Evoke: Wand              |       |       |       |     1 ||     1
  Use: Scroll            |     5 |     3 |     8 |     6 ||    22
       Potion            |     3 |     3 |     6 |     6 ||    18
 Stab: Sleeping          |     1 |     2 |     4 |     5 ||    12
       Distracted        |       |       |       |     7 ||     7
  Eat: Chunk             |     1 |     6 |     9 |    31 ||    47
       Ration            |       |       |     2 |     1 ||     3
Armor: Leather armour    |    16 |    51 |    47 |    55 ||   169
       Troll leather arm |       |       |       |    25 ||    25
Dodge: Dodged            |    44 |   138 |   212 |   402 ||   796
Block: Buckler           |     9 |    39 |    71 |   172 ||   291
